 Dungeon Crawl Stone Soup version 0.21-a0-225-g207ae17 (webtiles) character file.

84 tidbits the Skirmisher (level 4, -2/41 HPs)
             Began as a Draconian Wanderer on Aug 28, 2017.
             Slain by an ogre
             ... wielding a +0 giant club
              (25 damage)
             ... on level 4 of the Dungeon.
             The game lasted 00:06:50 (818 turns).

tidbits the Skirmisher (Draconian Wanderer)          Turns: 818, Time: 00:06:52

Health: -2/41      AC:  5    Str: 19    XL:     4   Next: 24%
Magic:  2/7        EV: 11    Int: 14    God:
Gold:   120        SH:  0    Dex: 10    Spells: 6/7 levels left

rFire    . . .     SeeInvis .   d - +0 club
rCold    . . .     Gourm    .   (no shield)
rNeg     . . .     Faith    .   (armour unavailable)
rPois    .         Spirit   .   (helmet restricted)
rElec    .         Reflect  .   (no cloak)
rCorr    .         Harm     .   (no gloves)
MR       .....                  (no boots)
Stlth    +.........             (no amulet)
HPRegen  0.13/turn              (no ring)
MPRegen  0.10/turn              (no ring)

@: mighty
A: unfitting armour, cold-blooded, AC +5
a: no special abilities


You were on level 4 of the Dungeon.
You were not hungry.

You visited 1 branch of the dungeon, and saw 4 of its levels.

You collected 120 gold pieces.

Inventory:

Hand Weapons
 d - a +0 club (weapon)
Missiles
 e - 16 poisoned needles
Scrolls
 c - a scroll of teleportation {unknown}
 g - a scroll of blinking {unknown}
 h - a scroll of fog {unknown}
 i - 2 scrolls of identify
 j - a scroll of enchant weapon {unknown}
Books
 a - a book of Frost

   Spells                             Type                      Level
   a - Freeze                         Ice                          1
   b - Throw Frost                    Conjuration/Ice              2
   c - Ozocubu's Armour               Charms/Ice                   3
   d - Throw Icicle                   Conjuration/Ice              4
   e - Summon Ice Beast               Ice/Summoning                4
 b - the Volume of Contamination

   Spells                             Type                      Level
   a - Sting                          Conjuration/Poison           1
   b - Mephitic Cloud                 Conjuration/Poison/Air       3
Comestibles
 f - a bread ration
 l - a chunk of flesh


   Skills:
 + Level 4.3 Fighting
 - Level 1.0 Throwing
 - Level 1.0 Stealth
 - Level 2.0 Spellcasting
   Level 1.0 Conjurations
   Level 1.0 Charms
 - Level 4.0 Ice Magic


You had 6 spell levels left.
You knew the following spells:

 Your Spells              Type           Power        Failure   Level  Hunger
f - Freeze                Ice            ##..         4%          1    ##.....


Dungeon Overview and Level Annotations

Branches:
Dungeon (4/15)
 Temple: D:4-7

Altars:
The Shining One


Innate Abilities, Weirdness & Mutations

Your plain brown scales are hard. (AC +5)
You cannot fit into any form of body armour.
You are cold-blooded and may be slowed by cold attacks.


Message History

Press: ? - help, Shift-Dir - straight line, f/p - adder
Aim: an adder (heavily wounded)
You freeze the adder.
You kill the adder!
The rat bites you.
You hit the rat.
You kill the rat!
You see here an adder corpse.
You butcher the adder corpse.
k - a chunk of flesh You see here an adder skeleton.
Eat a chunk of flesh? (ye/n/q)
You eat the chunk of flesh.
This raw flesh tastes terrible.
i - 3 scrolls labeled NIFICU ISUAMNO (gained 1)
You now have 102 gold pieces (gained 2).
Found a yellow potion.
k - a yellow potion You open the door.
Found 8 gold pieces.
Found a stone staircase leading down.
Found 10 gold pieces.
You now have 112 gold pieces (gained 10).
You now have 120 gold pieces (gained 8).
There is a stone staircase leading down here.
You climb downwards.
You hear the sound of rushing water.
There is an entrance to a sewer on this level.
Hurry and find it before the portal rusts away!
A frilled lizard and a worker ant come into view.
The frilled lizard hisses angrily.
The worker ant twitches its antennae in your direction.
Found an escape hatch in the floor.
There is a stone staircase leading up here.
You miss the frilled lizard. The frilled lizard barely misses you.
The worker ant bites you.
Casting: Freeze
Confirm with . or Enter, or press ? or * to list all spells.
Aiming: Freeze
Press: ? - help, Shift-Dir - straight line, f - worker ant
Aim: a worker ant You freeze the worker ant.
The worker ant is moderately wounded.
The worker ant bites you.
Casting: Freeze
Confirm with . or Enter, or press ? or * to list all spells.
Aiming: Freeze
Press: ? - help, Shift-Dir - straight line, f/p - worker ant
Aim: a worker ant (moderately wounded)
You freeze the worker ant.
The worker ant is severely wounded.
The worker ant closely misses you.
Casting: Freeze
Confirm with . or Enter, or press ? or * to list all spells.
Aiming: Freeze
Press: ? - help, Shift-Dir - straight line, f/p - worker ant
Aim: a worker ant (severely wounded)
You freeze the worker ant.
The worker ant is severely wounded.
The worker ant bites you.
Casting: Freeze
Confirm with . or Enter, or press ? or * to list all spells.
Aiming: Freeze
Press: ? - help, Shift-Dir - straight line, f/p - worker ant
Aim: a worker ant (severely wounded)
You freeze the worker ant.
The worker ant is severely wounded.
The worker ant barely misses you. The worker ant misses you.
Casting: Freeze
Confirm with . or Enter, or press ? or * to list all spells.
Aiming: Freeze
Press: ? - help, Shift-Dir - straight line, f/p - worker ant
Aim: a worker ant (severely wounded)
You freeze the worker ant.
You kill the worker ant!
Your Fighting skill increases to level 4!
You have reached level 4!
You feel clever.
You miss the frilled lizard. The frilled lizard closely misses you.
You hit the frilled lizard.
You kill the frilled lizard!
Things that are here:
a frilled lizard corpse; a worker ant corpse Butcher a frilled lizard corpse? [(y)es/(c)hoosy/(n)o/(a)ll/(e)dible/(q)uit/?]
Butcher a worker ant corpse? [(y)es/(c)hoosy/(n)o/(a)ll/(e)dible/(q)uit/?]
Okay, then.
You butcher the frilled lizard corpse.
l - a chunk of flesh
Things that are here:
a frilled lizard skeleton; a worker ant corpse Unknown command.
Found 2 puce potions.
An ogre comes into view. It is wielding a giant club.
As you read the scroll labeled NIFICU ISUAMNO, it crumbles to dust.
It is a scroll of identify.
k - a potion of might You feel very mighty all of a sudden.
You hit the ogre.
The ogre is lightly wounded.
The ogre hits you with a giant club!!
Ouch! That really hurt!
You die...

##########
#....>...#
#..<..#
#รท###...... #.#
..#.#
#.##.###.#.##
#....@.......
......###O.##.##.
#####. .#.# # .#
.. .. !# ## #


You could see an ogre.

Vanquished Creatures
  A worker ant (D:4)
  2 adders
  An ooze (D:2)
  A dart slug (D:1)
  A leopard gecko (D:1)
  A giant cockroach (D:1)
  5 goblins
  5 hobgoblins (D:1)
  7 jackals
  A kobold (D:2)
  3 bats
  3 frilled lizards
  5 rats
36 creatures vanquished.

Notes
Turn   | Place    | Note
-------+----------+-------------------------------------------
     0 | D:1      | tidbits the Draconian Wanderer began the quest for the Orb.
     0 | D:1      | tidbits set off with: a book of Frost, the Volume of Contamination, a potion of curing, a +0 club, a bread ration
     0 | D:1      | Reached XP level 1. HP: 14/14 MP: 3/3
     0 | D:1      | Identified the Volume of Contamination
    37 | D:2      | Found a glowing golden altar of the Shining One.
    70 | D:2      | Learned a level 1 spell: Freeze
    84 | D:2      | Reached skill level 1 in Fighting
   141 | D:1      | Reached XP level 2. HP: 11/24 MP: 3/5
   186 | D:1      | Reached skill level 2 in Fighting
   378 | D:2      | Reached skill level 3 in Fighting
   378 | D:2      | Reached XP level 3. HP: 18/31 MP: 0/6
   807 | D:4      | Reached skill level 4 in Fighting
   807 | D:4      | Reached XP level 4. HP: 21/41 MP: 1/7
   815 | D:4      | Noticed an ogre
   818 | D:4      | Slain by an ogre

Vault maps used:
D:1:      minmay_arrival_shattered_statue, serial_glass, glass_columns_a,
          glass_columns_b, glass_columns_c, glass_columns_a, glass_columns_a,
          glass_columns_b
D:2:      tso_metal_star, first_bread, uniq_terence
D:3:      lemuel_round_altar, lemuel_doored_altar,
          grunt_temple_overflow_champion_of_chaos,
          lemuel_coloured_pillars_altar, minmay_liquid_box,
          nicolae_qazlal_style_of_elements, uniq_robin
D:4:      lightli_temple_of_fire, marbit_many_paths,
          cheibrodos_sewer_entry_drain

Skill      XL: |  1  2  3 |
---------------+----------+-----
Fighting       | 1 3 4 |  4.3
Throwing       | |  1.0
Stealth        | |  1.0
Spellcasting   | |  2.0
Conjurations   | |  1.0
Charms         | |  1.0
Ice Magic      | |  4.0

Action                   |  1- 3 |  4- 6 || total
-------------------------+-------+-------++-------
Melee: Club              |   105 |     3 ||   108
       Tailslap          |     7 |       ||     7
 Cast: Freeze            |    44 |     1 ||    45
  Use: Potion            |     1 |     1 ||     2
       Scroll            |       |     1 ||     1
 Stab: Sleeping          |     1 |       ||     1
  Eat: Chunk             |     1 |       ||     1
Armor: Skin              |    56 |       ||    56
Dodge: Dodged            |   113 |     1 ||   114

Table legend:
 A = Spawn XP
 B = Non-spawn XP
 C = Spawn XP percentage of total XP
 D = Spawn monster count
 E = Non-spawn monster count
 F = Spawn count percentage of total count
 G = Total turns spent on level
                    A         B        C        D         E        F      G
               +---------+---------+-------+---------+---------+-------+---------
         Total |       8 |     113 |   6.6 |       4 |      32 |  11.1 |   818
               +---------+---------+-------+---------+---------+-------+---------
           D:1 |       8 |      30 |  21.1 |       4 |      18 |  18.2 |   501
           D:2 |       0 |      36 |   0.0 |       0 |      10 |   0.0 |   210
           D:3 |       0 |      14 |   0.0 |       0 |       2 |   0.0 |    87
           D:4 |       0 |      33 |   0.0 |       0 |       2 |   0.0 |    20
               +---------+---------+-------+---------+---------+-------+---------

Table legend:
 A = Turns spent in this place as a percentage of turns spent in the entire game.
 B = Non-inter-level travel turns spent in this place as a percentage of non-inter-level travel turns spent in the entire game.
 C = Inter-level travel turns spent in this place as a percentage of turns spent in this place.
 D = Turns resting spent in this place as a percentage of non-inter-level travel turns spent in this place.
 E = Turns spent auto-exploring this place as a percentage of non-inter-level travel turns spent in this place.
 F = Non-inter-level travel turns spent in this place divided by the number of levels of this place that you've seen.
                   A       B       C       D       E      F
               +-------+-------+-------+-------+-------+----------------------
         Total | 100.0 | 100.0 |   9.3 |   0.0 |   0.0 | 185.5
       Dungeon | 100.0 | 100.0 |   9.3 |   0.0 |   0.0 | 185.5
               +-------+-------+-------+-------+-------+----------------------

Table legend:
 A = Kills in this place as a percentage of kills in entire the game.
 B = Kills by you in this place as a percentage of kills by you in the entire game.
 C = Kills by friends in this place as a percentage of kills by friends in the entire game.
 D = Other kills in this place as a percentage of other kills in the entire game.
 E = Experience gained in this place as a percentage of experience gained in the entire game.
 F = Experience gained in this place divided by the number of levels of this place that you have seen.
                   A       B       C       D       E      F
               +-------+-------+-------+-------+-------+----------------------
         Total | 100.0 | 100.0 |   N/A |   N/A | 100.0 |  30.2
       Dungeon | 100.0 | 100.0 |   N/A |   N/A | 100.0 |  30.2
               +-------+-------+-------+-------+-------+----------------------

Vault maps used:
D:1:      minmay_arrival_shattered_statue, serial_glass, glass_columns_a,
          glass_columns_b, glass_columns_c, glass_columns_a, glass_columns_a,
          glass_columns_b
D:2:      tso_metal_star, first_bread, uniq_terence
D:3:      lemuel_round_altar, lemuel_doored_altar,
          grunt_temple_overflow_champion_of_chaos,
          lemuel_coloured_pillars_altar, minmay_liquid_box,
          nicolae_qazlal_style_of_elements, uniq_robin
D:4:      lightli_temple_of_fire, marbit_many_paths,
          cheibrodos_sewer_entry_drain
